 Dungeon Crawl Stone Soup version 0.27-a0-1525-g1038ab4fd7 (webtiles) character file.

Game seed: 12506384608982793267

2611 mandarbmax the Arsonist (level 9, -8/50 (51) HPs)
             Began as a Demonspawn Fire Elementalist on July 11, 2021.
             Was a Believer of Hepliaklqana.
             Mangled by an orc warrior (22 damage)
             ... on level 8 of the Dungeon.
             The game lasted 00:17:11 (8634 turns).

mandarbmax the Arsonist (DsFE)                      Turns: 8634, Time: 00:17:11

HP:   -8/50 (51)    AC: 10    Str:  8    XL:     9   Next: 34%
MP:   1/15          EV: 10    Int: 20    God:    Hepliaklqana [**....]
Gold: 303           SH:  0    Dex: 20    Spells: 10/16 levels left

rFire    + + .     SeeInvis .   (no weapon)
rCold    x . .     Faith    .   (no shield)
rNeg     . . .     Spirit   .   t - +0 fire dragon scales
rPois    .         Reflect  .   (no helmet)
rElec    .         Harm     .   e - +0 cloak
rCorr    .         Rampage  .   (no gloves)
Will     .....                  (no boots)
Stlth    ++........             (no amulet)
HPRegen  0.16/turn              u - +6 ring of dexterity
MPRegen  0.14/turn              x - ring of wizardry

@: lightly drained
A: reduced essence, claws 2, foul stench 1, sturdy frame 2
a: Renounce Religion, Recall Ancestor, Ancestor Identity


You were on level 8 of the Dungeon.
You worshipped Hepliaklqana.
Hepliaklqana was pleased with you.
You visited 1 branch of the dungeon, and saw 8 of its levels.

You collected 303 gold pieces.

Inventory:

Armour
 a - a +0 robe
 e - a +0 cloak (worn)
 t - +0 fire dragon scales (worn)
Jewellery
 d - a ring of see invisible
 n - a ring of resist corrosion
 u - a +6 ring of dexterity (left claw)
 x - a ring of wizardry (right claw)
Wands
 i - a wand of mindburst (13)
Scrolls
 f - a scroll of amnesia
 g - a scroll of magic mapping
 m - a scroll of enchant armour {unknown}
 o - a scroll of enchant weapon
 q - a scroll of torment {unknown}
 r - a scroll of vulnerability {unknown}
 s - a scroll of brand weapon {unknown}
 v - a scroll of fear {unknown}
 w - a scroll of blinking {unknown}
Potions
 b - 4 potions of invisibility {unknown}
 c - a potion of attraction
 h - a potion of haste
 j - a potion of berserk rage
 k - 3 potions of curing
 l - a potion of ambrosia {unknown}
 p - a potion of lignification {unknown}


   Skills:
 + Level 3.6 Armour
 - Level 2.0 Dodging
 - Level 2.0 Stealth
 - Level 4.0 Spellcasting
 + Level 7.6 Conjurations
 + Level 8.2 Fire Magic


You had 10 spell levels left.
You knew the following spells:

 Your Spells              Type           Power      Damage    Failure   Level
a - Foxfire               Conj/Fire      100%       2x1d9     1%          1
b - Sticky Flame          Conj/Fire      35%        2d5       6%          4
c - Beastly Appendage     Tmut           8%         N/A       14%         1

Your spell library contained the following spells:

 Spells                   Type           Power      Damage    Failure   Level
 Conjure Flame            Conj/Fire      35%        6-21      1%          3
 Inner Flame              Hex/Fire       20%        N/A       9%          3
 Freeze                   Ice            16%        1d4       14%         1
 Ignite Poison            Fire/Tmut/Pois 15%        N/A       14%         3
 Mephitic Cloud           Conj/Pois/Air  14%        N/A       16%         3
 Fireball                 Conj/Fire      17%        3d9       16%         5
 Wereblood                Tmut           4%         N/A       21%         2
 Hailstorm                Conj/Ice       19%        3d6       28%         4
 Frozen Ramparts          Ice            8%         1d2       38%         3
 Spider Form              Tmut/Pois      2%         N/A       38%         3
 Bolt of Magma            Conj/Fire/Erth 12%        4d8       41%         5


Dungeon Overview and Level Annotations

Branches:
Dungeon (9/15)             Temple (0/1) D:5
   Lair: D:8-11         Orc: D:9-12

Altars:
Ashenzari
Cheibriados
Elyvilon
Fedhas
Gozag
Hepliaklqana
Kikubaaqudgha
Qazlal
Sif Muna
Wu Jian
The Shining One

Shops:
D:1 =   D:5 (   D:8 *

Annotations:
D:8 Grum


Innate Abilities, Weirdness & Mutations

Your life essence is reduced to manifest your ancestor. (-10% HP)
You have very sharp fingernails.
You may rarely emit foul miasma when damaged in melee.
Your movements are less encumbered by armour. (ER -4)


Message History

Unknown command.
Unknown command.
Your foxfire dissipates!
The foxfire hits the wight but does no damage.
The wight is lightly damaged.
Imgur-Sin hits the wight with a +0 flail!
The wight is destroyed!
Grum hits Imgur-Sin with a +0 spear!
Found a stone staircase leading down.
Unknown command.
Casting: Foxfire (safe; 1% risk of failure)
Confirm with . or Enter, or press ? or * to list all spells.
You conjure some foxfire!
Something hits you but does no damage.
Imgur-Sin hits Grum with a +0 flail!
The orc hits you with a +0 mace. The wight completely misses you.
The orc warrior hits you but does no damage.
You feel drained.
Grum closely misses Imgur-Sin.
Unknown command.
Casting: Foxfire (safe; 1% risk of failure)
Confirm with . or Enter, or press ? or * to list all spells.
You conjure some foxfire!
The foxfire hits something.
Reactivating autopickup.
You feel a bit more experienced.
The foxfire hits the orc.
The orc is heavily wounded.
Imgur-Sin barely misses Grum.
The orc barely misses you.
Imgur-Sin blocks the wight's attack.
The wolf closely misses you. The wight barely misses you.
The orc warrior closely misses you.
Grum hits Imgur-Sin but does no damage.
Casting: Foxfire (safe; 1% risk of failure)
Confirm with . or Enter, or press ? or * to list all spells.
You conjure some foxfire!
The foxfire hits the wight.
The wight is moderately damaged.
The foxfire hits the wight.
The wight is heavily damaged.
The wolf bites you but does no damage.
Imgur-Sin closely misses Grum.
The orc barely misses you. The wight barely misses you. The wolf bites you!
* * * LOW HITPOINT WARNING * * *
Grum hits Imgur-Sin with a +0 spear!
The orc warrior hits you with a +0 dire flail of draining!!
You die...

>......... .....#..
.... ......##....
#.....#...#
#.....#...#
#.........#
##..vv...#
#.)#)z.@....#
#...†Rooh...#
.....g.z'#...#.#
.......#.#...#.#####
....#..#.#...+.....
...
#..#.#...#....### ..
#..#.###.+...... .
...#.# #.#....# ##..
##.# .# #.#....#
#...#


You could see the friendly Imgur-Sin the knight, Grum (ally target), an orc
warrior (ally target), a wolf, 2 wights and an orc.

Vanquished Creatures
  Edmund (D:5)
  An ice beast (D:6)
  2 black bears
  3 necrophages (D:4)
  An ogre (D:5)
  2 phantoms
  2 wolves (D:8)
  A scorpion (D:6)
  A water moccasin skeleton (D:5)
  5 wights
  2 jellies
  5 hounds
  A centaur skeleton (D:6)
  2 iguanas
  2 orc wizards (D:8)
  A howler monkey zombie (D:5)
  7 adders
  A shadow imp (D:6)
  A white imp (D:6)
  2 adder zombies (D:4)
  4 dart slugs
  2 orcs
  10 endoplasms
  2 giant cockroaches (D:3)
  7 goblins
  9 hobgoblins
  13 jackals
  8 quokkas
  9 ball pythons (D:2)
  6 bats
  3 frilled lizards
  6 kobolds
  5 rats
  A spectral goblin (D:3)
128 creatures vanquished.

Vanquished Creatures (collateral kills)
  A slime creature (D:8)
  A black bear (D:8)
  2 necrophages (D:4)
  A scorpion (D:5)
  2 wights
  A howler monkey (D:5)
  2 centaur skeletons
  An iguana (D:6)
  A white imp (D:6)
  A worm (D:5)
  An orc (D:6)
  A goblin (D:4)
  4 jackals (D:3)
  7 foxfires (D:4)
26 creatures vanquished.

Vanquished Creatures (others)
  A knight (D:8)
  An ancestor (D:4)
  4 bushes (D:4)
  765 foxfires
  3 fungi (D:2)
  13 plants (D:4)
787 creatures vanquished.

Grand Total: 941 creatures vanquished

Notes
Turn   | Place    | Note
-------+----------+-------------------------------------------
     0 | D:1      | mandarbmax the Demonspawn Fire Elementalist began the quest
                  | for the Orb.
     0 | D:1      | Reached XP level 1. HP: 13/13 MP: 3/3
   247 | D:1      | Reached skill level 3 in Fire Magic
   247 | D:1      | Gained mutation: You may rarely emit foul miasma when
                  | damaged in melee. [demonic ancestry]
   247 | D:1      | Reached XP level 2. HP: 19/19 MP: 0/5
  1032 | D:1      | Found Xuomum's Jewellery Emporium.
  1143 | D:2      | Found a hazy altar of Hepliaklqana.
  1160 | D:2      | Became a worshipper of Hepliaklqana the Forgotten
  1175 | D:2      | Reached XP level 3. HP: 24/24 MP: 0/6
  1610 | D:2      | Reached XP level 4. HP: 30/30 MP: 6/8
  1615 | D:2      | Learned a level 4 spell: Sticky Flame
  2656 | D:3      | Reached * piety under Hepliaklqana
  2691 | D:3      | Found a faded altar of an unknown god.
  2732 | D:3      | Reached skill level 4 in Fire Magic
  3251 | D:3      | Found a large runed translucent door.
  3441 | D:3      | Found a large runed translucent door.
  3577 | D:3      | Found an opulent altar of Gozag.
  3606 | D:4      | Reached XP level 5. HP: 31/31 MP: 7/10
  4620 | D:4      | Found a broken altar of Ashenzari.
  4972 | D:4      | Found a blossoming altar of Fedhas.
  4976 | D:4      | Noticed a necrophage
  4976 | D:4      | Noticed a necrophage
  4976 | D:4      | Noticed a necrophage
  4977 | D:4      | Noticed a necrophage
  4977 | D:4      | Noticed a necrophage
  5100 | D:4      | Killed a necrophage
  5101 | D:4      | Gained mutation: Your movements are slightly less
                  | encumbered by armour. (ER -2) [demonic ancestry]
  5101 | D:4      | Reached XP level 6. HP: 32/36 MP: 3/12
  5190 | D:4      | Reached skill level 5 in Fire Magic
  5281 | D:4      | Gained mutation: You have sharp fingernails. [demonic
                  | ancestry]
  5281 | D:4      | Reached XP level 7. HP: 41/41 MP: 5/13
  5673 | D:5      | Entered Level 5 of the Dungeon
  5682 | D:5      | Reached skill level 6 in Fire Magic
  6125 | D:5      | Reached skill level 5 in Conjurations
  6127 | D:5      | Noticed Edmund
  6144 | D:5      | Killed Edmund
  6145 | D:5      | Gained mutation: You have very sharp fingernails. [demonic
                  | ancestry]
  6145 | D:5      | Reached XP level 8. HP: 41/46 MP: 0/14
  6419 | D:5      | Found a staircase to the Ecumenical Temple.
  6529 | D:5      | Found a shimmering blue altar of Sif Muna.
  6592 | D:5      | Learned a level 1 spell: Beastly Appendage
  6690 | D:5      | Reached ** piety under Hepliaklqana
  6691 | D:5      | Remembered your ancestor Imgur-Sin as a knight
  6747 | D:5      | Reached skill level 7 in Fire Magic
  6781 | D:5      | Found a snail-covered altar of Cheibriados.
  6849 | D:5      | Found an ancient bone altar of Kikubaaqudgha.
  6895 | D:5      | Found an ornate altar of the Wu Jian Council.
  6917 | D:5      | Found Naokafrodwe's Weapon Boutique.
  7447 | D:6      | Reached skill level 1 in Armour
  7930 | D:6      | Gained mutation: Your movements are less encumbered by
                  | armour. (ER -4) [demonic ancestry]
  7930 | D:6      | Reached XP level 9. HP: 51/51 MP: 10/15
  7968 | D:6      | Found a stormy altar of Qazlal.
  8078 | D:6      | You fall into a shaft and drop 3 floors!
  8316 | D:8      | Reached skill level 8 in Fire Magic
  8321 | D:8      | Found Fauhyaqa's Mass Market.
  8619 | D:8      | Noticed Grum
  8634 | D:8      | Mangled by an orc warrior

Illustrated notes

Levels and vault maps discovered:
D:1:      scummos_arrival_forest, layout_rooms, serial_shops, nicolae_shop_stone
D:2:      layout_loops_cross, basic_altar, minmay_shallow_snake_nest
D:3:      layout_rooms, jmf_multi_god_temple2,
          dreamdust_ecumenical_altar_drowned_temple, grunt_decor_resistance
D:4:      layout_rooms, fedhas_altar_decomposition, lemuel_tele_altar,
          serial_forest, infiniplex_forest_end_3,
          infiniplex_forest_lined_room_2, infiniplex_forest_lined_corner,
          infiniplex_forest_lined_2, infiniplex_forest_straight_3,
          infiniplex_forest_lined_room_, infiniplex_forest_corner_2,
          infiniplex_forest_clump_long, infiniplex_forest_lined_corner
D:5:      layout_gridville, lemuel_doored_altar, grunt_temple_overflow_open,
          cheibrodos_worm_habitat, minmay_temple_entry_ruins, serial_shops,
          kennysheep_mini, palyth_stone_intersect, uniq_edmund
D:6:      layout_cave_pools, nicolae_qazlal_style_of_elements,
          minmay_quadrilaterals
D:8:      layout_basic, minmay_shop_mass, hangedman_decor_growths, uniq_grum
D:9:      layout_basic

Skill      XL: |  1  2  3  4  5  6  7  8  9 |
---------------+----------------------------+-----
Stealth        | 2 |  2.0
Dodging        | 2 |  2.0
Fire Magic     | 3 4 5 6 7 8 |  8.2
Spellcasting   | 3 4 |  4.0
Conjurations   | 2 3 5 7 |  7.6
Armour         | 2 3 |  3.6

Action                   |  1- 3 |  4- 6 |  7- 9 || total
-------------------------+-------+-------+-------++-------
Melee: Unarmed           |    14 |    26 |     6 ||    46
 Cast: Foxfire           |    87 |   176 |   189 ||   452
       Sticky Flame      |       |     1 |     3 ||     4
Invok: Ancestor Identity |       |     1 |       ||     1
       Ancestor Life: Kn |       |       |     1 ||     1
       Recall Ancestor   |       |       |     1 ||     1
  Use: Scroll            |     1 |     4 |     4 ||     9
       Potion            |       |       |     1 ||     1
Armor: Robe              |     5 |    13 |     4 ||    22
       Fire dragon scale |       |       |    16 ||    16
Dodge: Dodged            |    21 |    27 |    38 ||    86

Table legend: (Time is in decaauts)
 A = Elapsed time spent in this place.
 B = Non-inter-level travel time spent in this place.
 C = Inter-level travel time spent in this place.
 D = Time resting spent in this place.
 E = Time spent auto-exploring this place.
 F = Levels seen in this place.
 G = Mean time per level.
                   A        B        C        D        E       F      G
               +--------+--------+--------+--------+--------+-----+--------+
         Total |   8645 |   8525 |    120 |   2993 |   4358 |   8 | 1080.6 |
       Dungeon |   8645 |   8525 |    120 |   2993 |   4358 |   8 | 1080.6 |
               +--------+--------+--------+--------+--------+-----+--------+

Top non-repeatable levels by time:
     D:4: 2075 daAuts
     D:5: 1453 daAuts
     D:2: 1395 daAuts
     D:1: 1137 daAuts
     D:3: 1068 daAuts
     D:6: 961 daAuts
     D:8: 331 daAuts
     D:9: 222 daAuts
